 Dungeon Crawl Stone Soup version 0.19-a0-1254-gb9c29c0 (webtiles) character file.

3357 Duffy the Carver (level 9, 0/81 HPs)
             Began as a Deep Dwarf Monk on Aug 27, 2016.
             Was a Priest of Makhleb.
             Slain by Shenda's ghost (7 damage)
             ... on level 8 of the Dungeon.
             The game lasted 00:12:58 (6810 turns).

Duffy the Carver (Deep Dwarf Monk)                  Turns: 6810, Time: 00:12:59

Health: 0/81       AC: 17    Str: 15    XL:     9   Next: 73%
Magic:  4/4        EV:  8    Int: 11    God:    Makhleb [***...]
Gold:   533        SH:  3    Dex: 20    Spells: 0 memorised, 8 levels left

rFire  . . .     SeeInvis +     a - +1 falchion
rCold  + . .     Gourm    .     B - +0 plate armour
rNeg   . . .     Faith    .     (no shield)
rPois  +         Spirit   .     p - +0 helmet
rElec  .         Dismiss  .     v - +1 cloak
rCorr  .         Reflect  +     (no gloves)
MR     +....     Harm     .     A - +0 pair of boots
Stlth  .......... Rnd*Rage +    C - +3 amulet of reflection
                                b - ring of protection from cold
                                z - ring of poison resistance

@: exhausted, non-regenerating, slowed, very slow
A: damage resistance, recharge devices, see invisible, agile 1, berserk 1, sense
surroundings 2, slow regeneration 3
a: Device Recharging, Minor Destruction, Lesser Servant of Makhleb, Renounce
Religion


You were on level 8 of the Dungeon.
You worshipped Makhleb.
Makhleb was most pleased with you.
You were very hungry.

You visited 2 branches of the dungeon, and saw 9 of its levels.
You also visited: Sewer.

You collected 533 gold pieces.

Inventory:

Hand Weapons
 a - a +1 falchion (weapon)
Missiles
 h - 2 throwing nets (quivered)
Armour
 p - a +0 helmet (worn)
 v - a +1 cloak (worn)
 A - a +0 pair of boots (worn)
 B - a +0 plate armour (worn)
Jewellery
 b - a ring of protection from cold (right hand)
 z - a ring of poison resistance (left hand)
 C - a +3 amulet of reflection (around neck)
Wands
 c - a wand of heal wounds (1/9)
 i - a wand of acid (9/15)
 j - a wand of digging (14/24)
 x - a wand of flame (27/48)
Scrolls
 f - 2 scrolls of enchant weapon
 k - 5 scrolls of remove curse
 n - 6 scrolls of teleportation
 y - 3 scrolls of magic mapping
Potions
 g - 2 potions of might
 l - a potion of invisibility
 m - 3 potions of flight
 o - 2 potions of brilliance
 s - a potion of resistance
 F - 2 potions of haste
Books
 e - a book of Spatial Translocations

   Spells                             Type                      Level
   a - Apportation                    Translocation                1
   b - Blink                          Translocation                2
   c - Shroud of Golubria             Charms/Translocation         2
   d - Portal Projectile              Translocation                3
   e - Teleport Other                 Translocation                3
   f - Passage of Golubria            Translocation                4
 w - a book of Battle

   Spells                             Type                      Level
   a - Infusion                       Charms                       1
   b - Shroud of Golubria             Charms/Translocation         2
   c - Song of Slaying                Charms                       2
   d - Spectral Weapon                Hexes/Charms                 3
   e - Regeneration                   Charms/Necromancy            3
Comestibles
 d - 7 bread rations
 r - 10 meat rations
 u - 13 fruits


   Skills:
 + Level 5.6 Fighting
 + Level 10.7 Long Blades
 + Level 5.3 Armour
 + Level 6.8 Dodging
 - Level 2.4 Stealth


You had 8 spell levels left.
You didn't know any spells.

Dungeon Overview and Level Annotations

Branches:
Dungeon (8/15)             Temple (1/1) D:5
   Lair: D:8-11

Altars:
Ashenzari
Cheibriados
Dithmenos
Elyvilon
Fedhas
Gozag
Hepliaklqana
Kikubaaqudgha
Makhleb
Nemelex Xobeh
Okawaru
Qazlal
Ru
Sif Muna
Trog
Uskayaw
Vehumet
Xom
Yredelemnul
Zin
The Shining One

Annotations:
D:6 exclusion: downstairs
D:8 Shenda's ghost, novice VSEn


Innate Abilities, Weirdness & Mutations

You are resistant to damage.
You can recharge devices by infusing magical energy.
You passively map the area around you.
You do not regenerate.
You have supernaturally acute eyesight. (SInv)
You are agile. (Dex +2)
You tend to lose your temper in combat.


Message History

Shenda's ghost hits you but does no damage.
You closely miss Shenda's ghost.
Shenda's ghost is moderately damaged.
Shenda's ghost hits you but does no damage.
You hit Shenda's ghost but do no damage.
Shenda's ghost is moderately damaged.
Shenda's ghost hits you.
You are electrocuted!
Shenda's ghost points at you and mumbles some strange words.
You resist with some effort.
You hit Shenda's ghost but do no damage.
Shenda's ghost is moderately damaged.
You block Shenda's ghost's attack.
You closely miss Shenda's ghost.
Shenda's ghost is moderately damaged.
Shenda's ghost hits you.
You are electrocuted!
You hit Shenda's ghost.
Shenda's ghost is moderately damaged.
Shenda's ghost hits you but does no damage.
You are electrocuted!
You die...

##>## ###...## ** ..##
#..######...### ##
##..........########*#...
##..###....~###.....##...#*
#..## #.###.............##
..#####.# ##.............#
###...#.# #............#
#.......# #............#
#....._.## #....@......#
.........# ##....W....##
....8....# ##..~.<..## *
...^.....## ###.....# *
.._.......## ###..## **,,
............#* ##.# * ,
.............### #.## ,
##.............###...#,,, ,
###.....>............. ,, ,


You could see Shenda's ghost.

Vanquished Creatures
  The ghost of junb69 the Spear-Bearer, a novice MfGl (D:6)
  An ugly thing (D:7)
  A gargoyle (D:7)
  An ice beast (D:6)
  2 orc warriors (D:7)
  3 phantoms
  2 sky beasts
  2 black bears (D:6)
  2 ogres
  A centaur (D:7)
  3 giant frogs
  A water moccasin zombie (D:7)
  A scorpion (D:7)
  A giant frog skeleton (D:7)
  2 orc priests (D:7)
  A centaur skeleton (D:4)
  7 orc wizards
  Crazy Yiuf (D:6)
  An iguana (D:6)
  7 worker ants
  Natasha (thrice) (D:3)
  A worker ant zombie (D:6)
  A howler monkey skeleton (D:7)
  A gnoll (D:1)
  6 adders
  8 oozes
  An adder skeleton (D:5)
  6 worms
  3 dart slugs
  7 giant geckos
  22 orcs
  9 giant cockroaches
  15 goblins
  8 hobgoblins
  24 jackals
  14 kobolds
  3 quokkas
  2 ball pythons
  10 bats
  7 giant newts
  A quokka skeleton (D:6)
  6 rats
199 creatures vanquished.

Notes
Turn   | Place    | Note
-------+----------+-------------------------------------------
     0 | D:1      | Duffy the Deep Dwarf Monk began the quest for the Orb.
     0 | D:1      | Reached XP level 1. HP: 20/20 MP: 1/1
    63 | D:3      | Reached XP level 2. HP: 17/27 MP: 2/2
   146 | D:3      | Reached skill level 4 in Long Blades
   164 | D:3      | Reached XP level 3. HP: 10/33 MP: 3/3
   291 | D:3      | Found a glowing drain.
   295 | Sewer    | Entered a sewer
   691 | Sewer    | Reached XP level 4. HP: 39/40 MP: 4/4
   718 | Sewer    | Reached skill level 5 in Long Blades
  1359 | D:1      | Reached XP level 5. HP: 36/46 MP: 3/3
  1962 | D:2      | Reached skill level 6 in Long Blades
  2482 | D:3      | Noticed Natasha
  2512 | D:3      | Killed Natasha
  2621 | D:3      | Found a white marble altar of Elyvilon.
  2786 | D:3      | Reached XP level 6. HP: 23/55 MP: 4/4
  2804 | D:3      | Noticed Natasha
  2812 | D:3      | Killed Natasha
  2906 | D:3      | Reached skill level 7 in Long Blades
  2956 | D:3      | Noticed Natasha
  2962 | D:3      | Killed Natasha
  3099 | D:4      | Found a sacrificial altar of Ru.
  3160 | D:5      | Entered Level 5 of the Dungeon
  3316 | D:5      | Reached skill level 8 in Long Blades
  3316 | D:5      | Reached XP level 7. HP: 54/61 MP: 5/5
  3329 | D:5      | Found a staircase to the Ecumenical Temple.
  3360 | Temple   | Entered the Ecumenical Temple
  3557 | Temple   | Became a worshipper of Makhleb the Destroyer
  3557 | Temple   | Reached * piety under Makhleb
  3557 | Temple   | Reached ** piety under Makhleb
  3834 | D:4      | Reached skill level 9 in Long Blades
  3850 | D:4      | Found an iron altar of Okawaru.
  4628 | D:5      | Reached skill level 1 in Armour
  4628 | D:5      | Reached XP level 8. HP: 51/69 MP: 5/5
  4974 | D:6      | Found a white marble altar of Elyvilon.
  5070 | D:6      | Noticed junb69's ghost (novice MfGl)
  5135 | D:6      | Found a hazy altar of Hepliaklqana.
  5235 | D:6      | Killed junb69's ghost
  5235 | D:6      | Reached skill level 10 in Long Blades
  5240 | D:6      | Reached skill level 5 in Dodging
  5280 | D:6      | Found a runed door.
  5284 | D:6      | Noticed Crazy Yiuf
  5290 | D:6      | Killed Crazy Yiuf
  5330 | D:6      | Found a bloodstained altar of Trog.
  5377 | D:6      | Found a snail-covered altar of Cheibriados.
  5424 | D:6      | Gained mutation: You passively map the area around you. [Deep Dwarf growth]
  5424 | D:6      | Reached XP level 9. HP: 52/79 MP: 4/4
  5453 | D:6      | Found a deep blue altar of Sif Muna.
  5574 | D:7      | Found a radiant altar of Vehumet.
  5939 | D:7      | Reached *** piety under Makhleb
  5968 | D:7      | Reached skill level 5 in Fighting
  6073 | D:7      | Noticed a cyan ugly thing
  6090 | D:7      | Killed a cyan ugly thing
  6092 | D:7      | Noticed a gargoyle
  6098 | D:7      | Killed a gargoyle
  6098 | D:7      | Reached skill level 5 in Armour
  6448 | D:7      | Found a basalt altar of Yredelemnul.
  6448 | D:7      | Found a shimmering altar of Xom.
  6613 | D:8      | Found a hide-covered altar of Uskayaw.
  6615 | D:8      | Found a shadowy altar of Dithmenos.
  6690 | D:8      | Noticed Shenda's ghost (novice VSEn)
  6766 | D:7      | Gained mutation: You have supernaturally acute eyesight. (SInv) [mutagenic meat]
  6769 | D:7      | Gained mutation: You tend to lose your temper in combat. [mutagenic meat]
  6772 | D:7      | Gained mutation: You are agile. (Dex +2) [mutagenic meat]
  6810 | D:8      | Slain by Shenda's ghost

Vault maps used:
D:1:      dpeg_arrival_houses_and_road, minmay_misc_feat_nine_boxes,
          hangedman_feature_mirror
D:2:      lightli_corner_chamber
D:3:      overflow_temple_1_default, lightli_sewer_entry_pipes, serial_bayou,
          serial_bayou_lagoon_a, serial_bayou_shore_b, serial_bayou_pond_c,
          serial_bayou_shore_a, kennysheep_minor_cross, uniq_natasha
D:4:      nicolae_overflow_crystal_walls, nicolae_ru_great_annihilating_truth,
          first_bread
D:5:      corner_web_ring, grunt_ministairs_12
D:6:      old_standard_altar, led_sif_book, trog_ov_bears_minmay, basic_altar,
          elyvilon_altar_4, uniq_crazy_yiuf_cottage
D:7:      minmay_cornered_nines, lemuel_crystal_altar,
          gammafunk_temple_overflow_statue
D:8:      grunt_temple_overflow_open, uniq_joseph, uniq_maurice
Temple:   jpeg_temple_alley_garden
Sewer:    sewer_fruit_machine

Skill      XL: |  1  2  3  4  5  6  7  8  9 |
---------------+----------------------------+-----
Long Blades    | 4 5 6 8 9 10 | 10.7
Fighting       | 3 4 5 |  5.6
Armour         | 1 3 5 |  5.3
Dodging        | 5 6 |  6.8
Stealth        | |  2.4

Action                   |  1- 3 |  4- 6 |  7- 9 || total
-------------------------+-------+-------+-------++-------
Melee: Falchion          |   139 |   459 |   640 ||  1238
 Abil: Device Recharging |       |     2 |     3 ||     5
Evoke: Wand              |     2 |     8 |    11 ||    21
  Use: Potion            |     1 |       |     4 ||     5
       Scroll            |       |    10 |     7 ||    17
 Stab: Sleeping          |     2 |     7 |       ||     9
       Invisible         |       |     1 |     7 ||     8
       Paralysed         |       |       |     2 ||     2
  Eat: Chunk             |       |     9 |    15 ||    24
       Pizza             |       |       |     1 ||     1
Armor: Robe              |     9 |     5 |       ||    14
       Ring mail         |       |    54 |       ||    54
       Leather armour    |       |     3 |       ||     3
       Chain mail        |       |    30 |   182 ||   212
       Scale mail        |       |     9 |       ||     9
       Plate armour      |       |       |    91 ||    91
Dodge: Dodged            |   106 |   194 |   147 ||   447
Block: Other             |       |     5 |    44 ||    49
